Mulligans vs Senators
(R1)
Created - 4 avril 2017 at 19:22
Goals
|
| Mulligans |
2 |
2 |
0 |
0 |
2 |
5 |
| Senators |
1 |
3 |
0 |
0 |
1 |
4 |
|
Shots
|
| Mulligans |
13 |
19 |
3 |
1 |
4 |
36 |
| Senators |
21 |
18 |
7 |
0 |
4 |
46 |
|
1st period
1. Senators , Jaden Schwartz 24 (Marc-André Bernier, Mark Olver) at 5:14
2. Mulligans , Matt Beleskey 24 (Maxime Macenauer, Thomas Hickey) at 6:30
3. Mulligans , Matt Niskanen 8 (Matt Taormina, Anders Lindback) at 14:02
Penalties :
Marc-André Bernier (BIN) for Diving (Minor) at 15:30
2nd period
4. Senators , Gabriel Bourque 24 (Marc-André Bernier, Logan Stephenson) at 2:17 (PP)
5. Senators , Tommy Wingels 5 (Patrick Wey) at 10:21
6. Senators , Tommy Wingels 6 (Nicolas Deslauriers, Ryan Dzingel) at 14:26
7. Mulligans , Chris Neil 34 (Maxime Macenauer) at 15:57 (SH)
8. Mulligans , Tim Schaller 16 (Sven Baertschi) at 17:44
Penalties :
Cade Fairchild (Rep) for Roughing (Minor) at 1:36, Logan Stephenson (BIN) for Hooking (Minor) at 3:14, Matt Beleskey (Rep) for Interference (Minor) at 15:30
3rd period
No Goal
Penalties :
Matt Niskanen (Rep) for Slashing (Minor) at 0:05, Matt Frattin (BIN) for Hooking (Minor) at 7:27, Stanislav Chistov (BIN) for Tripping (Minor) at 12:46, Jaden Schwartz (BIN) for Roughing (Double Minor) at 16:51
Overtime #1
No Goal
Penalties :
No Penalty
Shootout
Penalty Shot by Chris Neil for Mulligans - Goal!
Penalty Shot by Sergei Kostitsyn for Senators - Goal!
Penalty Shot by Maxime Macenauer for Mulligans - Shot Misses the Net
Penalty Shot by Cody Hodgson for Senators - Stopped by Anders Lindback
Penalty Shot by Nick Bonino for Mulligans - Stopped by Marc Denis
Penalty Shot by Stanislav Chistov for Senators - Shot Misses the Net
Penalty Shot by Matt Taormina for Mulligans - Goal!
Penalty Shot by Gabriel Bourque for Senators - Stopped by Anders Lindback
Penalties :
No Penalty
Goalie Stats
Anders Lindback (Rep), 42 saves from 46 shots - (0,913), W, 26-12-3, 65:00 minutes
Marc Denis (BIN), 32 saves from 36 shots - (0,889), OTL, 19-20-4, 65:00 minutes
Players Stats for Mulligans
Player Name G A P +/- PIM S H SB GA TA FO MP PP MP PK MP
------------------------------------------------------------------------------------
Anton Lander 0 0 0 0 0 4 1 0 0 0 6/10 20:19 4:17 0:45
Cade Fairchild 0 0 0 0 2 2 0 0 0 0 0/0 8:11 0:00 0:00
Chris Neil 1 0 1 -1 0 6 4 0 0 0 1/2 20:58 5:37 3:45
Cody Goloubef 0 0 0 1 0 0 0 1 1 1 0/0 12:29 0:00 2:48
Drayson Bowman 0 0 0 -2 0 4 3 2 0 0 0/1 18:58 5:37 0:00
Eric Tangradi 0 0 0 0 0 2 0 0 0 1 0/0 18:47 4:35 0:00
Gord Baldwin 0 0 0 1 0 0 0 1 0 2 0/0 13:08 0:00 2:48
Jonathan Tremblay 0 0 0 0 0 1 2 1 0 0 0/1 17:50 4:39 0:45
Joonas Donskoi 0 0 0 1 0 0 0 0 0 0 1/1 12:04 0:00 0:00
Logan Shaw 0 0 0 1 0 0 1 1 0 0 0/0 9:36 0:27 0:00
Matt Beleskey 1 0 1 1 2 2 1 0 1 0 1/3 13:48 0:40 0:00
Matt Donovan 0 0 0 -1 0 1 0 0 1 2 0/0 22:05 5:16 1:14
Matt Niskanen 1 0 1 1 2 1 1 0 1 1 0/0 22:38 5:48 0:37
Matt Taormina 0 1 1 1 0 2 0 1 1 0 0/0 23:14 5:48 1:51
Maxime Macenauer 0 2 2 2 0 4 2 0 0 0 5/13 16:21 1:36 3:45
Nick Bonino 0 0 0 -2 0 5 2 0 0 1 13/27 19:43 5:44 0:09
Oliver Lauridsen 0 0 0 0 0 0 1 0 0 0 0/0 8:29 0:00 0:00
Sven Baertschi 0 1 1 1 0 0 0 0 0 0 1/2 8:08 0:00 0:09
Thomas Hickey 0 1 1 -1 0 1 0 0 0 1 0/0 20:26 5:16 0:00
Tim Schaller 1 0 1 1 0 1 1 0 0 0 2/5 8:06 0:00 0:00
Players Stats for Senators
Player Name G A P +/- PIM S H SB GA TA FO MP PP MP PK MP
------------------------------------------------------------------------------------
Arturs Kulda 0 0 0 1 0 4 1 1 2 0 0/0 29:37 3:51 6:44
Cody Hodgson 0 0 0 -2 0 2 2 2 3 0 17/31 24:50 3:44 5:13
Gabriel Bourque 1 0 1 0 0 2 2 0 0 0 0/0 11:42 0:55 0:00
Jaden Schwartz 1 0 1 0 4 3 1 1 2 0 0/0 13:22 0:00 0:00
Jeff Petry 0 0 0 -1 0 0 1 0 0 0 0/0 12:31 0:00 0:34
Logan Stephenson 0 1 1 -1 2 2 4 2 0 1 0/0 24:50 0:48 3:48
Marc-André Bernier 0 2 2 0 2 5 2 0 0 0 0/0 13:35 0:55 0:00
Mark Olver 0 1 1 0 0 3 2 1 0 0 8/18 16:35 0:55 3:28
Martin Marincin 0 0 0 -1 0 0 0 0 0 0 0/0 12:39 0:00 1:23
Matt Frattin 0 0 0 0 2 6 3 0 0 0 0/0 13:04 0:00 2:11
Nick Bjugstad 0 0 0 0 0 1 2 0 0 0 2/4 11:05 0:00 1:10
Nicolas Deslauriers 0 1 1 1 0 2 1 0 0 0 0/0 27:12 3:51 6:44
Patrick Wey 0 1 1 -1 0 0 1 2 0 1 0/0 22:52 0:48 4:37
Ryan Dzingel 0 1 1 1 0 2 2 0 0 2 0/0 10:18 0:00 2:46
Sergei Kostitsyn 0 0 0 -2 0 6 2 2 2 0 5/6 25:57 3:44 5:40
Stanislav Chistov 0 0 0 -2 2 3 1 0 0 1 2/3 20:52 3:44 2:31
Tomas Jurco 0 0 0 1 0 0 1 0 0 0 0/0 7:42 0:00 0:00
Tommy Wingels 2 0 2 1 0 5 0 0 0 0 1/3 9:17 0:00 0:00
3 Stars
1 - Tommy Wingels (BIN)
2 - Maxime Macenauer (Rep)
3 - Tim Schaller (Rep)
Power Play
Mulligans - 0 on 6 Attempt(s) - 0,00%
Senators - 1 on 3 Attempt(s) - 33,33%
Penalty Kill
Mulligans - 2 on 3 Attempt(s) - 66,67%
- Score 1 goal in Penalty Kill
Senators - 6 on 6 Attempt(s) - 100,00%
- Score 0 goal in Penalty Kill
Team Stat
Mulligans - Hits : 19 - Faceoff Wins : 30 - Blocked Shots : 7 - Penalty Minutes : 6
Senators - Hits : 28 - Faceoff Wins : 35 - Blocked Shots : 11 - Penalty Minutes : 12
Official
Referees : O'Halloran Dan and McCauley Wes
Linesman : Derek Nansen and Tony Sericolo
Game Notes
No Game Note
Finance
Level 1 -- Attendance: 1491 (74,55%) -- Ticket Income 41 748 $
Level 2 -- Attendance: 664 (66,40%) -- Ticket Income 6 640 $
Total Attendance: 2155 (71,83%)
Total Ticket Income: 48 388 $
Other Income: 2 419 $
Total Income: 50 807 $
Mulligans
5 vs 5 Forward
Center Left Wing Right Wing Time % Phy DF OF
1 Nick Bonino Drayson Bowman Chris Neil 32 0 2 3
2 Anton Lander Eric Tangradi Jonathan Tremblay 28 1 2 2
3 Maxime Macenauer Matt Beleskey Joonas Donskoi 24 0 2 3
4 Tim Schaller Sven Baertschi Logan Shaw 16 1 2 2
5 vs 5 Defense
Defense Defense Time % Phy DF OF
1 Matt Taormina Matt Niskanen 30 1 2 2
2 Thomas Hickey Matt Donovan 30 1 2 2
3 Gord Baldwin Cody Goloubef 22 1 2 2
4 Cade Fairchild Oliver Lauridsen 18 1 3 1
PowerPlay Forward
Center Left Wing Right Wing Time % Phy DF OF
1 Nick Bonino Drayson Bowman Chris Neil 60 0 1 4
2 Anton Lander Eric Tangradi Jonathan Tremblay 40 0 1 4
PowerPlay Defense
Defense Defense Time % Phy DF OF
1 Matt Taormina Matt Niskanen 55 0 2 3
2 Thomas Hickey Matt Donovan 45 0 2 3
Penalty Kill 4 Players Forward
Center Wing Time % Phy DF OF
1 Maxime Macenauer Chris Neil 60 0 4 1
2 Anton Lander Jonathan Tremblay 40 0 4 1
Penalty Kill 4 Players Defense
Defense Defense Time % Phy DF OF
1 Cody Goloubef Gord Baldwin 60 1 4 0
2 Matt Taormina Matt Niskanen 40 1 4 0
Penalty Kill - 3 Players Forward
Forward Time % Phy DF OF
1 Maxime Macenauer 60 1 4 0
2 Anton Lander 40 1 4 0
Penalty Kill - 3 Players Defense
Defense Defense Time % Phy DF OF
1 Cody Goloubef Gord Baldwin 60 1 4 0
2 Matt Niskanen Matt Taormina 40 1 4 0
4 vs 4 Forward
Center Wing Time % Phy DF OF
1 Nick Bonino Drayson Bowman 60 0 2 3
2 Anton Lander Eric Tangradi 40 1 2 2
4 vs 4 Defense
Defense Defense Time % Phy DF OF
1 Matt Taormina Matt Niskanen 60 1 2 2
2 Thomas Hickey Matt Donovan 40 1 2 2
Last Minutes Offensive
Center Left Wing Right Wing Defense Defense
Nick Bonino Drayson Bowman Chris Neil Matt Taormina Matt Niskanen
Last Minutes Defensive
Center Left Wing Right Wing Defense Defense
Anton Lander Eric Tangradi Jonathan Tremblay Matt Niskanen Matt Taormina
Goaltenders
Starting : Anders Lindback
Backup : Calvin Pickard
Extra Forwards
Normal : Logan Shaw, Matt Beleskey, Joonas Donskoi - PP : Maxime Macenauer, Matt Beleskey - PK : Nick Bonino
Extra Defensemen
Normal : Cody Goloubef, Matt Donovan, Gord Baldwin - PP : Gord Baldwin - PK : Matt Donovan, Thomas Hickey
Penalty Shots
Chris Neil, Maxime Macenauer, Nick Bonino, Matt Taormina, Matt Beleskey
Senators
5 vs 5 Forward
Center Left Wing Right Wing Time % Phy DF OF
1 Cody Hodgson Sergei Kostitsyn Stanislav Chistov 40 1 2 2
2 Mark Olver Jaden Schwartz Marc-André Bernier 30 1 2 2
3 Nick Bjugstad Gabriel Bourque Matt Frattin 20 1 2 2
4 Tommy Wingels Ryan Dzingel Tomas Jurco 10 1 2 2
5 vs 5 Defense
Defense Defense Time % Phy DF OF
1 Arturs Kulda Nicolas Deslauriers 35 1 2 2
2 Logan Stephenson Patrick Wey 30 1 2 2
3 Jeff Petry Martin Marincin 25 1 2 2
4 Arturs Kulda Logan Stephenson 10 1 2 2
PowerPlay Forward
Center Left Wing Right Wing Time % Phy DF OF
1 Cody Hodgson Sergei Kostitsyn Stanislav Chistov 60 0 2 3
2 Mark Olver Gabriel Bourque Marc-André Bernier 40 0 2 3
PowerPlay Defense
Defense Defense Time % Phy DF OF
1 Arturs Kulda Nicolas Deslauriers 60 0 2 3
2 Logan Stephenson Patrick Wey 40 0 2 3
Penalty Kill 4 Players Forward
Center Wing Time % Phy DF OF
1 Cody Hodgson Sergei Kostitsyn 60 1 2 2
2 Mark Olver Stanislav Chistov 40 1 2 2
Penalty Kill 4 Players Defense
Defense Defense Time % Phy DF OF
1 Arturs Kulda Nicolas Deslauriers 60 1 2 2
2 Logan Stephenson Patrick Wey 40 1 2 2
Penalty Kill - 3 Players Forward
Forward Time % Phy DF OF
1 Sergei Kostitsyn 60 1 2 2
2 Cody Hodgson 40 1 2 2
Penalty Kill - 3 Players Defense
Defense Defense Time % Phy DF OF
1 Arturs Kulda Nicolas Deslauriers 60 1 2 2
2 Logan Stephenson Patrick Wey 40 1 2 2
4 vs 4 Forward
Center Wing Time % Phy DF OF
1 Sergei Kostitsyn Cody Hodgson 60 1 2 2
2 Stanislav Chistov Gabriel Bourque 40 1 2 2
4 vs 4 Defense
Defense Defense Time % Phy DF OF
1 Arturs Kulda Nicolas Deslauriers 60 1 2 2
2 Logan Stephenson Patrick Wey 40 1 2 2
Last Minutes Offensive
Center Left Wing Right Wing Defense Defense
Cody Hodgson Sergei Kostitsyn Stanislav Chistov Arturs Kulda Logan Stephenson
Last Minutes Defensive
Center Left Wing Right Wing Defense Defense
Cody Hodgson Sergei Kostitsyn Stanislav Chistov Arturs Kulda Logan Stephenson
Goaltenders
Starting : Marc Denis
Backup : Jeff Frazee
Extra Forwards
Normal : Jaden Schwartz, Tommy Wingels, Matt Frattin - PP : Jaden Schwartz, Tommy Wingels - PK : Matt Frattin
Extra Defensemen
Normal : Jeff Petry, Martin Marincin, Logan Stephenson - PP : Jeff Petry - PK : Martin Marincin, Logan Stephenson
Penalty Shots
Sergei Kostitsyn, Cody Hodgson, Stanislav Chistov, Gabriel Bourque, Jaden Schwartz
% Time on Ice - Mulligans
Lines # - Real PCT - Wanted PCT - Time Play
Normal Forward
1 - 28% - 32% - 12:26
2 - 28% - 28% - 12:29
3 - 26% - 24% - 11:23
4 - 18% - 16% - 7:59
Normal Defense
1 - 29% - 30% - 12:55
2 - 31% - 30% - 13:42
3 - 21% - 22% - 9:28
4 - 19% - 18% - 8:12
PP Forward
1 - 57% - 60% - 6:18
2 - 43% - 40% - 4:46
PP Defense
1 - 52% - 55% - 5:48
2 - 48% - 45% - 5:16
PK Forward
1 - 84% - 60% - 3:54
2 - 16% - 40% - 0:45
PK Defense
1 - 60% - 60% - 2:48
2 - 40% - 40% - 1:51
PK3 Forward
1 - 0% - 60%
2 - 0% - 40%
PK3 Defense
1 - 0% - 60%
2 - 0% - 40%
44 Forward
1 - 60% - 60% - 3:01
2 - 40% - 40% - 1:59
44 Defense
1 - 57% - 60% - 2:50
2 - 43% - 40% - 2:10
Last Minute Offensive - 0:00
Last Minute Defensive - 0:00
Total
Forward - 65:00
Defense - 65:00
|
% Time on Ice - Senators
Lines # - Real PCT - Wanted PCT - Time Play
Normal Forward
1 - 32% - 40% - 14:23
2 - 28% - 30% - 12:27
3 - 22% - 20% - 9:55
4 - 17% - 10% - 7:32
Normal Defense
1 - 35% - 35% - 15:36
2 - 33% - 30% - 14:37
3 - 27% - 25% - 11:57
4 - 5% - 10% - 2:07
PP Forward
1 - 80% - 60% - 3:44
2 - 20% - 40% - 0:55
PP Defense
1 - 83% - 60% - 3:51
2 - 17% - 40% - 0:48
PK Forward
1 - 69% - 60% - 7:36
2 - 31% - 40% - 3:28
PK Defense
1 - 60% - 60% - 6:41
2 - 40% - 40% - 4:23
PK3 Forward
1 - 75% - 60% - 0:38
2 - 25% - 40% - 0:13
PK3 Defense
1 - 73% - 60% - 0:37
2 - 27% - 40% - 0:14
44 Forward
1 - 79% - 60% - 3:17
2 - 21% - 40% - 0:52
44 Defense
1 - 32% - 60% - 1:19
2 - 68% - 40% - 2:50
Last Minute Offensive - 0:00
Last Minute Defensive - 0:00
Total
Forward - 65:00
Defense - 65:00
|
Play by Play
1st period
0:01 of 1st period - Nick Bonino wins face-off versus Cody Hodgson in neutral zone.
0:10 of 1st period - Wrist shot by Nick Bonino.
0:10 of 1st period - Deflect By Chris Neil.
0:10 of 1st period - Shot Misses the Net.
0:10 of 1st period - Puck is out of play.
0:11 of 1st period - Mark Olver wins face-off versus Jonathan Tremblay in Senators zone.
1:06 of 1st period - Wrist shot by Sergei Kostitsyn.
1:06 of 1st period - Shot Misses the Net.
1:24 of 1st period - Snap shot by Nick Bjugstad.
1:24 of 1st period - Shot Blocked by Drayson Bowman.
2:07 of 1st period - Snap shot by Sergei Kostitsyn.
2:07 of 1st period - Shot Misses the Net.
2:09 of 1st period - Wrist shot by Sergei Kostitsyn.
2:09 of 1st period - Stopped by Anders Lindback with a rebound.
2:29 of 1st period - Tommy Wingels is hit by Logan Shaw and loses puck.
2:50 of 1st period - Snap shot by Nick Bonino.
2:50 of 1st period - Shot Misses the Net.
3:04 of 1st period - Snap shot by Eric Tangradi.
3:04 of 1st period - Shot Misses the Net.
3:16 of 1st period - Wrist shot by Matt Frattin.
3:16 of 1st period - Shot Misses the Net.
3:18 of 1st period - Wrist shot by Gabriel Bourque.
3:18 of 1st period - Shot Blocked by Cody Goloubef.
3:40 of 1st period - Snap shot by Matt Frattin.
3:40 of 1st period - Stopped by Anders Lindback with a rebound.
3:46 of 1st period - Slapshot by Gabriel Bourque.
3:46 of 1st period - Shot Blocked by Gord Baldwin.
3:48 of 1st period - Snap shot by Matt Frattin.
3:48 of 1st period - Stopped by Anders Lindback without a rebound.
3:49 of 1st period - Sergei Kostitsyn wins face-off versus Nick Bonino in Mulligans zone.
3:52 of 1st period - Slapshot by Stanislav Chistov.
3:52 of 1st period - Stopped by Anders Lindback with a rebound.
4:00 of 1st period - Wrist shot by Cody Hodgson.
4:00 of 1st period - Shot Misses the Net.
4:23 of 1st period - Wrist shot by Marc-André Bernier.
4:23 of 1st period - Stopped by Anders Lindback without a rebound.
4:24 of 1st period - Sergei Kostitsyn wins face-off versus Matt Beleskey in Mulligans zone.
4:58 of 1st period - Snap shot by Mark Olver.
4:58 of 1st period - Stopped by Anders Lindback without a rebound.
4:59 of 1st period - Nick Bonino wins face-off versus Mark Olver in Mulligans zone.
5:08 of 1st period - Snap shot by Mark Olver.
5:08 of 1st period - Stopped by Anders Lindback without a rebound.
5:09 of 1st period - Mark Olver wins face-off versus Nick Bonino in Mulligans zone.
5:10 of 1st period - Wrist shot by Jaden Schwartz.
5:10 of 1st period - Deflect By Chris Neil.
5:10 of 1st period - Stopped by Anders Lindback with a rebound.
5:14 of 1st period - Wrist shot by Jaden Schwartz.
5:14 of 1st period - Goal by Jaden Schwartz - Mulligans : 0 - Senators : 1.
5:15 of 1st period - Sergei Kostitsyn wins face-off versus Tim Schaller in neutral zone.
5:24 of 1st period - Slapshot by Sergei Kostitsyn.
5:24 of 1st period - Stopped by Anders Lindback with a rebound.
5:26 of 1st period - Slapshot by Arturs Kulda.
5:26 of 1st period - Stopped by Anders Lindback without a rebound.
5:27 of 1st period - Nick Bonino wins face-off versus Cody Hodgson in Mulligans zone.
5:57 of 1st period - Matt Taormina is hit by Marc-André Bernier.
6:00 of 1st period - Off-side.
6:01 of 1st period - Mark Olver wins face-off versus Tim Schaller in neutral zone.
6:10 of 1st period - Slapshot by Mark Olver.
6:10 of 1st period - Shot Blocked by Logan Shaw.
6:30 of 1st period - Slapshot by Matt Beleskey.
6:30 of 1st period - Goal by Matt Beleskey - Mulligans : 1 - Senators : 1.
6:31 of 1st period - Anton Lander wins face-off versus Stanislav Chistov in neutral zone.
6:38 of 1st period - Wrist shot by Anton Lander.
6:38 of 1st period - Stopped by Marc Denis with a rebound.
6:50 of 1st period - Arturs Kulda is hit by Oliver Lauridsen and loses puck.
7:05 of 1st period - Snap shot by Drayson Bowman.
7:05 of 1st period - Stopped by Marc Denis with a rebound.
7:07 of 1st period - Snap shot by Nick Bonino.
7:07 of 1st period - Deflect By Logan Stephenson.
7:07 of 1st period - Shot Blocked by Arturs Kulda.
7:07 of 1st period - Puck is out of play.
7:08 of 1st period - Maxime Macenauer wins face-off versus Mark Olver in Senators zone.
7:35 of 1st period - Jeff Petry is hit by Nick Bonino and loses puck.
7:44 of 1st period - Slapshot by Drayson Bowman.
7:44 of 1st period - Stopped by Marc Denis with a rebound.
7:46 of 1st period - Wrist shot by Chris Neil.
7:46 of 1st period - Deflect By Nick Bonino.
7:46 of 1st period - Stopped by Marc Denis without a rebound.
7:47 of 1st period - Nick Bjugstad wins face-off versus Anton Lander in Senators zone.
7:52 of 1st period - Matt Niskanen is hit by Gabriel Bourque and loses puck.
7:59 of 1st period - Snap shot by Matt Frattin.
7:59 of 1st period - Shot Misses the Net.
8:01 of 1st period - Snap shot by Gabriel Bourque.
8:01 of 1st period - Stopped by Anders Lindback with a rebound.
8:03 of 1st period - Slapshot by Nicolas Deslauriers.
8:03 of 1st period - Deflect By Matt Frattin.
8:03 of 1st period - Shot Misses the Net.
8:03 of 1st period - Puck is out of play.
8:04 of 1st period - Cody Hodgson wins face-off versus Tim Schaller in Mulligans zone.
8:11 of 1st period - Slapshot by Cody Hodgson.
8:11 of 1st period - Stopped by Anders Lindback with a rebound.
8:13 of 1st period - Snap shot by Sergei Kostitsyn.
8:13 of 1st period - Stopped by Anders Lindback without a rebound.
8:14 of 1st period - Tim Schaller wins face-off versus Cody Hodgson in Mulligans zone.
8:14 of 1st period - Tim Schaller is hit by Nicolas Deslauriers.
8:19 of 1st period - Matt Donovan is hit by Arturs Kulda and loses puck.
9:06 of 1st period - Snap shot by Sergei Kostitsyn.
9:06 of 1st period - Stopped by Anders Lindback without a rebound.
9:07 of 1st period - Nick Bonino wins face-off versus Mark Olver in Mulligans zone.
9:41 of 1st period - Snap shot by Matt Frattin.
9:41 of 1st period - Stopped by Anders Lindback with a rebound.
9:55 of 1st period - Gord Baldwin is hit by Tomas Jurco and loses puck.
10:38 of 1st period - Icing by Sergei Kostitsyn.
10:39 of 1st period - Cody Hodgson wins face-off versus Maxime Macenauer in Senators zone.
11:06 of 1st period - Icing by Sergei Kostitsyn.
11:07 of 1st period - Stanislav Chistov wins face-off versus Nick Bonino in Senators zone.
11:11 of 1st period - Off-side.
11:12 of 1st period - Cody Hodgson wins face-off versus Anton Lander in neutral zone.
11:47 of 1st period - Snap shot by Nick Bonino.
11:47 of 1st period - Shot Blocked by Mark Olver.
11:49 of 1st period - Slapshot by Drayson Bowman.
11:49 of 1st period - Stopped by Marc Denis with a rebound.
11:56 of 1st period - Icing by Nicolas Deslauriers.
11:57 of 1st period - Mark Olver wins face-off versus Maxime Macenauer in Senators zone.
12:12 of 1st period - Wrist shot by Maxime Macenauer.
12:12 of 1st period - Stopped by Marc Denis with a rebound.
12:44 of 1st period - Wrist shot by Jaden Schwartz.
12:44 of 1st period - Shot Blocked by Jonathan Tremblay.
12:46 of 1st period - Wrist shot by Marc-André Bernier.
12:46 of 1st period - Stopped by Anders Lindback without a rebound.
12:47 of 1st period - Anton Lander wins face-off versus Mark Olver in Mulligans zone.
13:00 of 1st period - Mark Olver is hit by Jonathan Tremblay and loses puck.
13:17 of 1st period - Wrist shot by Stanislav Chistov.
13:17 of 1st period - Deflect By Drayson Bowman.
13:17 of 1st period - Shot Misses the Net.
13:17 of 1st period - Puck is out of play.
13:18 of 1st period - Nick Bonino wins face-off versus Cody Hodgson in Mulligans zone.
13:31 of 1st period - Slapshot by Chris Neil.
13:31 of 1st period - Deflect By Stanislav Chistov.
13:31 of 1st period - Shot Blocked by Sergei Kostitsyn.
13:31 of 1st period - Puck is out of play.
13:32 of 1st period - Matt Beleskey wins face-off versus Tommy Wingels in Senators zone.
13:33 of 1st period - Slapshot by Matt Taormina.
13:33 of 1st period - Stopped by Marc Denis with a rebound.
13:39 of 1st period - Maxime Macenauer is hit by Logan Stephenson and loses puck.
14:00 of 1st period - Slapshot by Matt Taormina.
14:00 of 1st period - Shot Blocked by Patrick Wey.
14:02 of 1st period - Slapshot by Matt Niskanen.
14:02 of 1st period - Goal by Matt Niskanen - Mulligans : 2 - Senators : 1.
14:03 of 1st period - Cody Hodgson wins face-off versus Nick Bonino in neutral zone.
14:12 of 1st period - Slapshot by Drayson Bowman.
14:12 of 1st period - Deflect By Nick Bonino.
14:12 of 1st period - Stopped by Marc Denis with a rebound.
14:14 of 1st period - Wrist shot by Chris Neil.
14:14 of 1st period - Stopped by Marc Denis with a rebound.
14:16 of 1st period - Snap shot by Chris Neil.
14:16 of 1st period - Deflect By Arturs Kulda.
14:16 of 1st period - Stopped by Marc Denis with a rebound.
14:18 of 1st period - Slapshot by Chris Neil.
14:18 of 1st period - Shot Misses the Net.
14:51 of 1st period - Gord Baldwin is hit by Gabriel Bourque and loses puck.
14:58 of 1st period - Snap shot by Matt Frattin.
14:58 of 1st period - Stopped by Anders Lindback with a rebound.
15:30 of 1st period - Minor Penalty to Marc-André Bernier for Diving.
15:31 of 1st period - Cody Hodgson wins face-off versus Nick Bonino in Senators zone.
16:16 of 1st period - Wrist shot by Stanislav Chistov.
16:16 of 1st period - Stopped by Anders Lindback with a rebound.
17:12 of 1st period - Matt Donovan is hit by Stanislav Chistov and loses puck.
17:30 of 1st period - Penalty to Marc-André Bernier is over, Marc-André Bernier is back on ice.
17:41 of 1st period - Thomas Hickey is hit by Jeff Petry and loses puck.
18:02 of 1st period - Wrist shot by Matt Frattin.
18:02 of 1st period - Stopped by Anders Lindback without a rebound.
18:03 of 1st period - Joonas Donskoi wins face-off versus Nick Bjugstad in Mulligans zone.
18:12 of 1st period - Snap shot by Maxime Macenauer.
18:12 of 1st period - Stopped by Marc Denis without a rebound.
18:13 of 1st period - Cody Hodgson wins face-off versus Maxime Macenauer in Senators zone.
18:22 of 1st period - Snap shot by Sergei Kostitsyn.
18:22 of 1st period - Shot Misses the Net.
18:24 of 1st period - Snap shot by Sergei Kostitsyn.
18:24 of 1st period - Stopped by Anders Lindback without a rebound.
18:25 of 1st period - Nick Bonino wins face-off versus Mark Olver in Mulligans zone.
18:25 of 1st period - Nick Bonino is hit by Marc-André Bernier.
18:31 of 1st period - Snap shot by Chris Neil.
18:31 of 1st period - Shot Misses the Net.
18:51 of 1st period - Matt Taormina is hit by Sergei Kostitsyn and loses puck.
19:42 of 1st period - Snap shot by Eric Tangradi.
19:42 of 1st period - Shot Misses the Net.
19:54 of 1st period - Snap shot by Anton Lander.
19:54 of 1st period - Shot Misses the Net.
19:56 of 1st period - Slapshot by Matt Taormina.
19:56 of 1st period - Shot Hit the Post.
19:58 of 1st period - Slapshot by Jonathan Tremblay.
19:58 of 1st period - Shot Misses the Net.
Goals for this period are 2 for Mulligans vs 1 for Senators.
Shots for this period are 13 for Mulligans vs 21 for Senators.
2nd period
0:01 of 2nd period - Cody Hodgson wins face-off versus Nick Bonino in neutral zone.
0:01 of 2nd period - Cody Hodgson is hit by Drayson Bowman.
0:15 of 2nd period - Wrist shot by Drayson Bowman.
0:15 of 2nd period - Stopped by Marc Denis without a rebound.
0:16 of 2nd period - Maxime Macenauer wins face-off versus Mark Olver in Senators zone.
0:19 of 2nd period - Snap shot by Matt Beleskey.
0:19 of 2nd period - Shot Misses the Net.
0:21 of 2nd period - Slapshot by Cody Goloubef.
0:21 of 2nd period - Shot Blocked by Patrick Wey.
0:23 of 2nd period - Snap shot by Maxime Macenauer.
0:23 of 2nd period - Stopped by Marc Denis with a rebound.
0:25 of 2nd period - Snap shot by Maxime Macenauer.
0:25 of 2nd period - Shot Misses the Net.
0:27 of 2nd period - Snap shot by Maxime Macenauer.
0:27 of 2nd period - Stopped by Marc Denis with a rebound.
0:31 of 2nd period - Snap shot by Matt Beleskey.
0:31 of 2nd period - Shot Blocked by Jaden Schwartz.
0:46 of 2nd period - Nicolas Deslauriers is hit by Chris Neil and loses puck.
1:33 of 2nd period - Slapshot by Arturs Kulda.
1:33 of 2nd period - Stopped by Anders Lindback without a rebound.
1:34 of 2nd period - Nick Bonino wins face-off versus Cody Hodgson in Mulligans zone.
1:36 of 2nd period - Minor Penalty to Cade Fairchild for Roughing.
1:37 of 2nd period - Cody Hodgson wins face-off versus Maxime Macenauer in Mulligans zone.
1:37 of 2nd period - Wrist shot by Sergei Kostitsyn.
1:37 of 2nd period - Shot Misses the Net.
2:17 of 2nd period - Snap shot by Gabriel Bourque.
2:17 of 2nd period - Goal by Gabriel Bourque - Mulligans : 2 - Senators : 2.
2:18 of 2nd period - Anton Lander wins face-off versus Cody Hodgson in neutral zone.
2:25 of 2nd period - Snap shot by Anton Lander.
2:25 of 2nd period - Shot Misses the Net.
2:27 of 2nd period - Slapshot by Eric Tangradi.
2:27 of 2nd period - Deflect By Jonathan Tremblay.
2:27 of 2nd period - Shot Misses the Net.
2:27 of 2nd period - Puck is out of play.
2:28 of 2nd period - Anton Lander wins face-off versus Cody Hodgson in Senators zone.
2:33 of 2nd period - Wrist shot by Eric Tangradi.
2:33 of 2nd period - Stopped by Marc Denis with a rebound.
2:35 of 2nd period - Snap shot by Jonathan Tremblay.
2:35 of 2nd period - Stopped by Marc Denis with a rebound.
2:43 of 2nd period - Wrist shot by Jonathan Tremblay.
2:43 of 2nd period - Shot Misses the Net.
2:45 of 2nd period - Snap shot by Jonathan Tremblay.
2:45 of 2nd period - Shot Misses the Net.
2:47 of 2nd period - Snap shot by Anton Lander.
2:47 of 2nd period - Shot Blocked by Cody Hodgson.
2:49 of 2nd period - Slapshot by Cade Fairchild.
2:49 of 2nd period - Stopped by Marc Denis with a rebound.
3:01 of 2nd period - Snap shot by Anton Lander.
3:01 of 2nd period - Stopped by Marc Denis with a rebound.
3:03 of 2nd period - Slapshot by Jonathan Tremblay.
3:03 of 2nd period - Shot Blocked by Logan Stephenson.
3:05 of 2nd period - Slapshot by Cade Fairchild.
3:05 of 2nd period - Stopped by Marc Denis with a rebound.
3:14 of 2nd period - Minor Penalty to Logan Stephenson for Hooking.
3:15 of 2nd period - Cody Hodgson wins face-off versus Chris Neil in Senators zone.
3:15 of 2nd period - Cody Hodgson is hit by Chris Neil.
5:14 of 2nd period - Penalty to Logan Stephenson is over, Logan Stephenson is back on ice.
6:31 of 2nd period - Cody Goloubef is hit by Patrick Wey and loses puck.
6:44 of 2nd period - Chris Neil is hit by Mark Olver and loses puck.
6:59 of 2nd period - Eric Tangradi is hit by Cody Hodgson and loses puck.
7:24 of 2nd period - Gord Baldwin is hit by Jaden Schwartz and loses puck.
7:49 of 2nd period - Slapshot by Eric Tangradi.
7:49 of 2nd period - Stopped by Marc Denis with a rebound.
8:24 of 2nd period - Snap shot by Chris Neil.
8:24 of 2nd period - Stopped by Marc Denis without a rebound.
8:25 of 2nd period - Nick Bjugstad wins face-off versus Nick Bonino in Senators zone.
8:34 of 2nd period - Wrist shot by Nick Bjugstad.
8:34 of 2nd period - Shot Misses the Net.
8:38 of 2nd period - Snap shot by Matt Frattin.
8:38 of 2nd period - Stopped by Anders Lindback without a rebound.
8:39 of 2nd period - Mark Olver wins face-off versus Matt Beleskey in Mulligans zone.
9:06 of 2nd period - Chris Neil is hit by Cody Hodgson and loses puck.
9:11 of 2nd period - Wrist shot by Stanislav Chistov.
9:11 of 2nd period - Stopped by Anders Lindback with a rebound.
9:56 of 2nd period - Slapshot by Matt Donovan.
9:56 of 2nd period - Shot Misses the Net.
9:59 of 2nd period - Icing by Patrick Wey.
10:00 of 2nd period - Tommy Wingels wins face-off versus Nick Bonino in Senators zone.
10:05 of 2nd period - Slapshot by Logan Stephenson.
10:05 of 2nd period - Shot Blocked by Drayson Bowman.
10:07 of 2nd period - Snap shot by Tommy Wingels.
10:07 of 2nd period - Stopped by Anders Lindback with a rebound.
10:21 of 2nd period - Snap shot by Tommy Wingels.
10:21 of 2nd period - Goal by Tommy Wingels - Mulligans : 2 - Senators : 3.
10:22 of 2nd period - Cody Hodgson wins face-off versus Nick Bonino in neutral zone.
10:49 of 2nd period - Snap shot by Marc-André Bernier.
10:49 of 2nd period - Stopped by Anders Lindback with a rebound.
10:51 of 2nd period - Snap shot by Mark Olver.
10:51 of 2nd period - Stopped by Anders Lindback without a rebound.
10:52 of 2nd period - Maxime Macenauer wins face-off versus Mark Olver in Mulligans zone.
10:52 of 2nd period - Maxime Macenauer is hit by Mark Olver.
11:00 of 2nd period - Slapshot by Marc-André Bernier.
11:00 of 2nd period - Stopped by Anders Lindback with a rebound.
11:09 of 2nd period - Off-side.
11:10 of 2nd period - Nick Bonino wins face-off versus Cody Hodgson in neutral zone.
11:25 of 2nd period - Wrist shot by Chris Neil.
11:25 of 2nd period - Deflect By Nick Bonino.
11:25 of 2nd period - Stopped by Marc Denis with a rebound.
12:07 of 2nd period - Snap shot by Nick Bjugstad.
12:07 of 2nd period - Stopped by Anders Lindback with a rebound.
14:16 of 2nd period - Snap shot by Tommy Wingels.
14:16 of 2nd period - Stopped by Anders Lindback with a rebound.
14:18 of 2nd period - Wrist shot by Ryan Dzingel.
14:18 of 2nd period - Stopped by Anders Lindback with a rebound.
14:20 of 2nd period - Wrist shot by Tommy Wingels.
14:20 of 2nd period - Shot Misses the Net.
14:22 of 2nd period - Slapshot by Nicolas Deslauriers.
14:22 of 2nd period - Stopped by Anders Lindback with a rebound.
14:24 of 2nd period - Snap shot by Ryan Dzingel.
14:24 of 2nd period - Stopped by Anders Lindback with a rebound.
14:26 of 2nd period - Slapshot by Nicolas Deslauriers.
14:26 of 2nd period - Deflect By Tommy Wingels.
14:26 of 2nd period - Goal by Tommy Wingels - Mulligans : 2 - Senators : 4.
14:27 of 2nd period - Cody Hodgson wins face-off versus Nick Bonino in neutral zone.
14:27 of 2nd period - Logan Stephenson is hit by Nick Bonino and loses puck.
14:32 of 2nd period - Stanislav Chistov is hit by Drayson Bowman and loses puck.
14:37 of 2nd period - Wrist shot by Nick Bonino.
14:37 of 2nd period - Deflect By Stanislav Chistov.
14:37 of 2nd period - Stopped by Marc Denis without a rebound.
14:38 of 2nd period - Cody Hodgson wins face-off versus Nick Bonino in Senators zone.
14:43 of 2nd period - Matt Niskanen is hit by Logan Stephenson and loses puck.
15:07 of 2nd period - Icing by Cody Hodgson.
15:08 of 2nd period - Mark Olver wins face-off versus Maxime Macenauer in Senators zone.
15:08 of 2nd period - Mark Olver is hit by Maxime Macenauer.
15:20 of 2nd period - Snap shot by Marc-André Bernier.
15:20 of 2nd period - Stopped by Anders Lindback with a rebound.
15:22 of 2nd period - Slapshot by Jaden Schwartz.
15:22 of 2nd period - Stopped by Anders Lindback with a rebound.
15:30 of 2nd period - Minor Penalty to Matt Beleskey for Interference.
15:31 of 2nd period - Cody Hodgson wins face-off versus Maxime Macenauer in Mulligans zone.
15:49 of 2nd period - Icing by Cody Hodgson.
15:50 of 2nd period - Maxime Macenauer wins face-off versus Cody Hodgson in Senators zone.
15:51 of 2nd period - Snap shot by Chris Neil.
15:51 of 2nd period - Stopped by Marc Denis without a rebound.
15:52 of 2nd period - Maxime Macenauer wins face-off versus Cody Hodgson in Senators zone.
15:57 of 2nd period - Snap shot by Chris Neil.
15:57 of 2nd period - Goal by Chris Neil - Mulligans : 3 - Senators : 4.
15:58 of 2nd period - Stanislav Chistov wins face-off versus Maxime Macenauer in neutral zone.
17:28 of 2nd period - Cody Hodgson is hit by Jonathan Tremblay and loses puck.
17:30 of 2nd period - Penalty to Matt Beleskey is over, Matt Beleskey is back on ice.
17:42 of 2nd period - Snap shot by Anton Lander.
17:42 of 2nd period - Stopped by Marc Denis without a rebound.
17:43 of 2nd period - Sven Baertschi wins face-off versus Tommy Wingels in Senators zone.
17:44 of 2nd period - Slapshot by Tim Schaller.
17:44 of 2nd period - Goal by Tim Schaller - Mulligans : 4 - Senators : 4.
17:45 of 2nd period - Cody Hodgson wins face-off versus Nick Bonino in neutral zone.
17:48 of 2nd period - Slapshot by Logan Stephenson.
17:48 of 2nd period - Stopped by Anders Lindback with a rebound.
18:19 of 2nd period - Slapshot by Matt Donovan.
18:19 of 2nd period - Stopped by Marc Denis with a rebound.
18:57 of 2nd period - Slapshot by Thomas Hickey.
18:57 of 2nd period - Stopped by Marc Denis with a rebound.
19:11 of 2nd period - Backhand shot by Matt Beleskey.
19:11 of 2nd period - Stopped by Marc Denis with a rebound.
Goals for this period are 2 for Mulligans vs 3 for Senators.
Shots for this period are 19 for Mulligans vs 18 for Senators.
3rd period
0:01 of 3rd period - Cody Hodgson wins face-off versus Nick Bonino in neutral zone.
0:05 of 3rd period - Minor Penalty to Matt Niskanen for Slashing.
0:06 of 3rd period - Cody Hodgson wins face-off versus Maxime Macenauer in Mulligans zone.
1:49 of 3rd period - Wrist shot by Stanislav Chistov.
1:49 of 3rd period - Shot Misses the Net.
1:51 of 3rd period - Slapshot by Arturs Kulda.
1:51 of 3rd period - Stopped by Anders Lindback with a rebound.
1:53 of 3rd period - Slapshot by Arturs Kulda.
1:53 of 3rd period - Shot Misses the Net.
1:55 of 3rd period - Snap shot by Cody Hodgson.
1:55 of 3rd period - Shot Misses the Net.
1:57 of 3rd period - Slapshot by Nicolas Deslauriers.
1:57 of 3rd period - Deflect By Matt Taormina.
1:57 of 3rd period - Stopped by Anders Lindback with a rebound.
2:05 of 3rd period - Penalty to Matt Niskanen is over, Matt Niskanen is back on ice.
2:22 of 3rd period - Slapshot by Sergei Kostitsyn.
2:22 of 3rd period - Stopped by Anders Lindback with a rebound.
2:46 of 3rd period - Wrist shot by Cody Hodgson.
2:46 of 3rd period - Stopped by Anders Lindback without a rebound.
2:47 of 3rd period - Mark Olver wins face-off versus Anton Lander in Mulligans zone.
3:14 of 3rd period - Cody Goloubef is hit by Matt Frattin and loses puck.
3:39 of 3rd period - Eric Tangradi is hit by Ryan Dzingel and loses puck.
4:20 of 3rd period - Anton Lander is hit by Logan Stephenson.
4:30 of 3rd period - Matt Beleskey is hit by Nick Bjugstad and loses puck.
4:37 of 3rd period - Matt Frattin is hit by Drayson Bowman.
4:53 of 3rd period - Gord Baldwin is hit by Ryan Dzingel and loses puck.
5:27 of 3rd period - Snap shot by Drayson Bowman.
5:27 of 3rd period - Shot Hit the Post.
6:25 of 3rd period - Slapshot by Matt Taormina.
6:25 of 3rd period - Stopped by Marc Denis without a rebound.
6:26 of 3rd period - Anton Lander wins face-off versus Mark Olver in Senators zone.
7:27 of 3rd period - Minor Penalty to Matt Frattin for Hooking.
7:28 of 3rd period - Nick Bonino wins face-off versus Cody Hodgson in Senators zone.
8:59 of 3rd period - Slapshot by Arturs Kulda.
8:59 of 3rd period - Stopped by Anders Lindback without a rebound.
9:00 of 3rd period - Nick Bonino wins face-off versus Nick Bjugstad in Mulligans zone.
9:27 of 3rd period - Penalty to Matt Frattin is over, Matt Frattin is back on ice.
9:48 of 3rd period - Sergei Kostitsyn is hit by Maxime Macenauer and loses puck.
9:57 of 3rd period - Slapshot by Logan Stephenson.
9:57 of 3rd period - Stopped by Anders Lindback without a rebound.
9:58 of 3rd period - Mark Olver wins face-off versus Sven Baertschi in Mulligans zone.
10:23 of 3rd period - Arturs Kulda is hit by Chris Neil and loses puck.
11:23 of 3rd period - Tommy Wingels is hit by Tim Schaller and loses puck.
11:29 of 3rd period - Off-side.
11:30 of 3rd period - Cody Hodgson wins face-off versus Nick Bonino in neutral zone.
11:37 of 3rd period - Wrist shot by Sergei Kostitsyn.
11:37 of 3rd period - Shot Blocked by Matt Taormina.
12:12 of 3rd period - Nick Bjugstad is hit by Anton Lander and loses puck.
12:32 of 3rd period - Icing by Marc-André Bernier.
12:33 of 3rd period - Nick Bonino wins face-off versus Mark Olver in Senators zone.
12:36 of 3rd period - Snap shot by Chris Neil.
12:36 of 3rd period - Stopped by Marc Denis without a rebound.
12:37 of 3rd period - Nick Bonino wins face-off versus Cody Hodgson in Senators zone.
12:44 of 3rd period - Slapshot by Chris Neil.
12:44 of 3rd period - Shot Misses the Net.
12:46 of 3rd period - Minor Penalty to Stanislav Chistov for Tripping.
12:47 of 3rd period - Chris Neil wins face-off versus Cody Hodgson in Senators zone.
12:50 of 3rd period - Slapshot by Matt Niskanen.
12:50 of 3rd period - Deflect By Nick Bonino.
12:50 of 3rd period - Stopped by Marc Denis with a rebound.
12:52 of 3rd period - Slapshot by Nick Bonino.
12:52 of 3rd period - Shot Hit the Post.
12:54 of 3rd period - Snap shot by Nick Bonino.
12:54 of 3rd period - Shot Misses the Net.
13:02 of 3rd period - Slapshot by Nick Bonino.
13:02 of 3rd period - Shot Blocked by Sergei Kostitsyn.
13:52 of 3rd period - Chris Neil is hit by Sergei Kostitsyn and loses puck.
14:35 of 3rd period - Mark Olver is hit by Chris Neil and loses puck.
14:46 of 3rd period - Penalty to Stanislav Chistov is over, Stanislav Chistov is back on ice.
15:15 of 3rd period - Snap shot by Tommy Wingels.
15:15 of 3rd period - Stopped by Anders Lindback without a rebound.
15:16 of 3rd period - Tim Schaller wins face-off versus Mark Olver in Mulligans zone.
15:43 of 3rd period - Logan Stephenson is hit by Matt Niskanen and loses puck.
16:37 of 3rd period - Snap shot by Jaden Schwartz.
16:37 of 3rd period - Shot Misses the Net.
16:51 of 3rd period - Double Minor Penalty to Jaden Schwartz for Roughing.
16:52 of 3rd period - Nick Bonino wins face-off versus Cody Hodgson in Senators zone.
16:53 of 3rd period - Wrist shot by Chris Neil.
16:53 of 3rd period - Shot Blocked by Cody Hodgson.
18:42 of 3rd period - Sergei Kostitsyn is hit by Matt Beleskey and loses puck.
19:11 of 3rd period - Eric Tangradi is hit by Matt Frattin and loses puck.
19:32 of 3rd period - Matt Taormina is hit by Nick Bjugstad.
Goals for this period are 0 for Mulligans vs 0 for Senators.
Shots for this period are 3 for Mulligans vs 7 for Senators.
Overtime #1
0:01 of 1st overtime period - Sergei Kostitsyn wins face-off versus Drayson Bowman in neutral zone.
0:51 of 1st overtime period - Penalty to Jaden Schwartz is over, Jaden Schwartz is back on ice.
0:54 of 1st overtime period - Off-side.
0:55 of 1st overtime period - Anton Lander wins face-off versus Sergei Kostitsyn in neutral zone.
1:21 of 1st overtime period - Matt Taormina is hit by Logan Stephenson and loses puck.
2:27 of 1st overtime period - Matt Beleskey is hit by Matt Frattin and loses puck.
2:58 of 1st overtime period - Slapshot by Anton Lander.
2:58 of 1st overtime period - Stopped by Marc Denis without a rebound.
2:59 of 1st overtime period - Sergei Kostitsyn wins face-off versus Anton Lander in Senators zone.
4:59 of 1st overtime period - Snap shot by Eric Tangradi.
4:59 of 1st overtime period - Shot Blocked by Logan Stephenson.
Goals for this period are 0 for Mulligans vs 0 for Senators.
Shots for this period are 1 for Mulligans vs 0 for Senators.
ShootOut
5:00 of 1st overtime period - Penalty Shot by Chris Neil for Mulligans.
5:00 of 1st overtime period - Wrist shot by Chris Neil.
5:00 of 1st overtime period - Goal by Chris Neil.
5:00 of 1st overtime period - Penalty Shot by Sergei Kostitsyn for Senators.
5:00 of 1st overtime period - Deke by Sergei Kostitsyn.
5:00 of 1st overtime period - Goal by Sergei Kostitsyn.
5:00 of 1st overtime period - Penalty Shot by Maxime Macenauer for Mulligans.
5:00 of 1st overtime period - Deke by Maxime Macenauer.
5:00 of 1st overtime period - Shot Misses the Net.
5:00 of 1st overtime period - Penalty Shot by Cody Hodgson for Senators.
5:00 of 1st overtime period - Backhand shot by Cody Hodgson.
5:00 of 1st overtime period - Stopped by Anders Lindback.
5:00 of 1st overtime period - Penalty Shot by Nick Bonino for Mulligans.
5:00 of 1st overtime period - Backhand shot by Nick Bonino.
5:00 of 1st overtime period - Stopped by Marc Denis.
5:00 of 1st overtime period - Penalty Shot by Stanislav Chistov for Senators.
5:00 of 1st overtime period - Snap shot by Stanislav Chistov.
5:00 of 1st overtime period - Shot Misses the Net.
5:00 of 1st overtime period - Penalty Shot by Matt Taormina for Mulligans.
5:00 of 1st overtime period - Wrist shot by Matt Taormina.
5:00 of 1st overtime period - Goal by Matt Taormina.
5:00 of 1st overtime period - Penalty Shot by Gabriel Bourque for Senators.
5:00 of 1st overtime period - Deke by Gabriel Bourque.
5:00 of 1st overtime period - Stopped by Anders Lindback.
Back to the Top